 Dungeon Crawl Stone Soup version 0.31-a0-177-g4aa6249778 (webtiles) character file.

Game seed: 1401481534641253690

46 qw the Chopper (level 3, -1/23 HPs)
             Began as a Gargoyle Fighter on June 18, 2023.
             Slain by an iguana (10 damage)
             ... on level 4 of the Dungeon.
             The game lasted 00:00:39 (1216 turns).

qw the Chopper (Gargoyle Fighter)                   Turns: 1216, Time: 00:00:39

Health: -1/23      AC: 12    Str: 21    XL:     3   Next: 68%
Magic:  3/3        EV:  7    Int:  8    God:
Gold:   44         SH:  4    Dex:  9    Spells: 2/2 levels left

rFire   . . .        Y - +0 war axe
rCold   . . .        c - +0 buckler
rNeg    + . .        i - +0 chain mail
rPois   inf          (no helmet)
rElec   +            (no cloak)
rCorr   .            (no gloves)
SInv    .            (no boots)
Will    .....        (no amulet) Stlth
                     (no ring)
HPRegen 0.23/turn    (no ring)
MPRegen 0.08/turn

%: no passive effects
@: no status effects
A: sickness immunity, AC +3, negative energy resistance 1, electricity
resistance, torment resistance 1, petrification resistance
a: no special abilities


You were on level 4 of the Dungeon.
You visited 1 branch of the dungeon, and saw 3 of its levels.

You collected 44 gold pieces.


Innate Abilities, Weirdness & Mutations

You are immune to sickness and miasma.
Your stone body is resilient. (AC +3)
You are immune to poison.
You resist negative energy. (rN+)
You are resistant to electric shocks. (rElec)
You are resistant to unholy torment.
You are immune to petrification.


   Skills:
 - Level 3.2 Fighting
 + Level 3.5 Axes
 - Level 3.2 Armour
 - Level 3.2 Shields


You had 2 spell levels left.
You didn't know any spells.
Your spell library was empty.

Inventory:

Hand Weapons
 f - a +0 mace
 Y - a +0 war axe (weapon)
Armour
 c - a +0 buckler (worn)
 i - a +0 chain mail (worn)
Jewellery
 a - a ring of protection from fire
Potions
 b - 2 potions of lignification {unknown}
 d - a potion of might
 g - a potion of heal wounds {unknown}

Dungeon Overview and Level Annotations

Branches:
Dungeon (4/15)
 Temple: D:4-7

Altars:


Message History

Enter note: You closely miss the rat.
The rat bites you but does no damage.
You barely miss the rat. The rat completely misses you.
You barely miss the rat.
The rat bites you but does no damage. x2
You hit the rat.
You kill the rat!
A sourceless malevolence fills the Dungeon...
You fall into a shaft and drop 2 floors!
The shaft crumbles and collapses.
Found a stone staircase leading down.
Waypoint 2 assigned to D:4.
There is a stone staircase leading down here.
A ball python comes into view.
The ball python hisses angrily.
You slash the ball python!
You kill the ball python!
Found 5 stones.
A hobgoblin comes into view.
The hobgoblin shouts!
You see here 5 stones.
You hit the hobgoblin.
The hobgoblin is moderately wounded.
You block the hobgoblin's attack.
You slash the hobgoblin!
You kill the hobgoblin!
You see here a hobgoblin corpse.
Found an escape hatch in the floor.
There is an escape hatch in the floor here.
An iguana comes into view.
The iguana hisses angrily.
You hit the iguana but do no damage. The iguana bites you!
You hit the iguana but do no damage. The iguana bites you!
You closely miss the iguana. The iguana bites you!
You die...

#.# #.
#.# #.
#.# #.
#.# #.
#.# #.
#.# #.
#.#
#l####.#
#.@....#
########


You could see an iguana.

Vanquished Creatures
  An adder (D:2)
  A dart slug (D:1)
  8 ball pythons
  3 endoplasms (D:1)
  5 goblins
  2 hobgoblins
  A kobold (D:2)
  2 quokkas (D:1)
  3 bats
  A frilled lizard (D:1)
  5 rats
32 creatures vanquished.

Notes
Turn   | Place    | Note
-------+----------+-------------------------------------------
     0 | D:1      | qw the Gargoyle Fighter began the quest for the Orb.
     0 | D:1      | Reached XP level 1. HP: 14/14 MP: 1/1
     0 | D:1      | 0 ||| qw: Version: 0.3-a-7-ge0c9b40
     0 | D:1      | 0 ||| qw: Game counter: 817
     0 | D:1      | 0 ||| qw: Always use a shield: true
     0 | D:1      | 0 ||| qw: God list: Okawaru
     0 | D:1      | 0 ||| qw: Allow faded altars: false
     0 | D:1      | 0 ||| qw: Do Orc after D:15 true
     0 | D:1      | 0 ||| qw: Do second Lair branch before Depths: true
     0 | D:1      | 0 ||| qw: Lair rune preference: random
     0 | D:1      | 0 ||| qw: Plans: Normal, Zot:1-4, Slime:5, God:TSO, Crypt,
                  | Tomb, Abyss, Pan, Hells, Win
     0 | D:1      | 0 ||| PLANNING D:1-11
   144 | D:1      | 144 ||| Stepping ~*~*~tactically~*~*~ (hiding).
   145 | D:1      | 145 ||| Stepping ~*~*~tactically~*~*~ (hiding).
   146 | D:1      | 146 ||| Stepping ~*~*~tactically~*~*~ (hiding).
   155 | D:1      | Reached XP level 2. HP: 19/19 MP: 2/2
   282 | D:1      | 282 ||| Stepping ~*~*~tactically~*~*~ (stealth).
   283 | D:1      | 283 ||| Stepping ~*~*~tactically~*~*~ (stealth).
   689 | D:1      | Reached skill level 3 in Axes
   783 | D:1      | Reached XP level 3. HP: 23/23 MP: 3/3
   882 | D:1      | 882 ||| UPGRADING to +0 chain mail.
   892 | D:1      | 892 ||| DROPPING +0 scale mail.
   893 | D:1      | 893 ||| READING scroll labelled OSEDWI FEUCK.
   894 | D:1      | 894 ||| READING scroll labelled XEFO XECSUEXA.
   898 | D:1      | 898 ||| READING scroll labelled KOICUU JEID.
   944 | D:2      | 944 ||| Stepping ~*~*~tactically~*~*~ (hiding).
  1103 | D:2      | You fall into a shaft and drop 2 floors!
  1216 | D:4      | Slain by an iguana

Levels and vault maps discovered:
D:1:      onia_arrival_mini_spirals, layout_basic
D:2:      layout_rooms, serial_glass, glass_columns_b, glass_columns_a,
          hellmonk_ecumenical_altar_leap_of_faith, minmay_misc_feat_hallway
D:4:      layout_basic, good_gods_temple_1, uniq_eustachio, uniq_edmund

Skill      XL: |  1  2 |
---------------+-------+-----
Axes           | 2 3 |  3.5
Fighting       | |  3.2
Armour         | |  3.2
Shields        | |  3.2

Action                     || total
---------------------------++-------
  Melee: War axe           ||   109
    Use: Scroll            ||     3
 Armour: Scale mail        ||    18
         Chain mail        ||    44
  Dodge: Dodged            ||    48
  Block: Buckler           ||    20

Table legend:
 A = Non-vault XP
 B = Vault XP
 C = Vault XP percentage of total XP
 D = Non-vault monster count
 E = Vault monster count
 F = Vault count percentage of total count
                 A         B        C        D         E       F
            +---------+---------+-------+---------+---------+-------
      Total |      67 |       0 |   0.0 |      32 |       0 |   0.0
            +---------+---------+-------+---------+---------+-------
        D:1 |      35 |       0 |   0.0 |      19 |       0 |   0.0
        D:2 |      28 |       0 |   0.0 |      11 |       0 |   0.0
        D:4 |       4 |       0 |   0.0 |       2 |       0 |   0.0
            +---------+---------+-------+---------+---------+-------
